 Dungeon Crawl Stone Soup version 0.23.2-33-g5129a83184 (webtiles) character file.

Game seed: 14968823617985930843

370 H0rd4k the Charlatan (level 7, -1/51 HPs)
             Began as a Human Artificer on Aug 1, 2019.
             Was an Initiate of Gozag.
             Slain by a worker ant (4 damage)
             ... on level 5 of the Dungeon.
             The game lasted 00:08:58 (6691 turns).

H0rd4k the Charlatan (Human Artificer)              Turns: 6691, Time: 00:08:59

Health: -1/51      AC:  4    Str: 14    XL:     7   Next: 2%
Magic:  10/10      EV: 13    Int: 12    God:    Gozag
Gold:   173        SH:  0    Dex: 13    Spells: 6/6 levels left

rFire    . . .     SeeInvis .   c - +0 dagger (freeze)
rCold    . . .     Gourm    .   (no shield)
rNeg     . . .     Faith    .   b - +1 leather armour
rPois    +         Spirit   .   (no helmet)
rElec    .         Reflect  .   (no cloak)
rCorr    .         Harm     .   (no gloves)
MR       .....                  (no boots)
Stlth    ++........             (no amulet)
HPRegen  0.17/turn              j - ring of poison resistance
MPRegen  0.12/turn              (no ring)

@: no status effects
A: no striking features
a: Potion Petition, Call Merchant, Bribe Branch, Renounce Religion


You were on level 5 of the Dungeon.
You worshipped Gozag.
Gozag was aware of your devotion.
You were not hungry.

You visited 2 branches of the dungeon, and saw 6 of its levels.

You collected 235 gold pieces.
You paid 62 gold pieces to Gozag.

Inventory:

Hand Weapons
 a - a +0 short sword
 c - a +0 dagger of freezing (weapon)
Armour
 b - a +1 leather armour (worn)
Jewellery
 j - a ring of poison resistance (left hand)
 r - a +6 ring of dexterity
Wands
 d - a wand of enslavement (13)
 e - a wand of random effects (6)
Scrolls
 g - a scroll of remove curse
 h - a scroll of amnesia
 k - 2 scrolls of identify
 p - a scroll of blinking
 q - a scroll of magic mapping {unknown}
 s - a scroll of teleportation
Potions
 i - a potion of curing
 l - 3 potions of haste
 m - a potion of mutation
 n - a potion of might
 o - 2 potions of cancellation
Comestibles
 f - 7 rations


   Skills:
 + Level 2.3 Fighting
 + Level 3.2 Short Blades
 + Level 2.8 Armour
 + Level 3.1 Dodging
 + Level 1.9 Stealth
 + Level 4.1 Evocations


You had 6 spell levels left.
You didn't know any spells.
Your spell library was empty.

Dungeon Overview and Level Annotations

Branches:
Dungeon (5/15)             Temple (1/1) D:4

Altars:
Ashenzari
Cheibriados
Elyvilon
Gozag
Hepliaklqana
Kikubaaqudgha
Makhleb
Qazlal
Ru
Sif Muna
Trog
Uskayaw
Wu Jian
Zin
The Shining One

Shops:
D:4 :

Annotations:
D:1 exclusion: downstairs
D:2 exclusion: downstairs


Message History

* * * LOW HITPOINT WARNING * * *
You hit the worker ant. You freeze the worker ant.
The worker ant is heavily wounded.
The worker ant closely misses you.
You barely miss the worker ant.
The worker ant is heavily wounded.
You feel sick. The worker ant closely misses you.
You hit the worker ant but do no damage.
The worker ant is heavily wounded.
The worker ant bites you.
* * * LOW HITPOINT WARNING * * *
The worker ant bites you.
* * * LOW HITPOINT WARNING * * *
You feel better. The worker ant bites you!
* * * LOW HITPOINT WARNING * * *
You barely miss the worker ant.
The worker ant is heavily wounded.
The worker ant bites you.
You die...
Your body crumbles into a pile of gold.

###.#........##.##
#.#.. # #.###.#######.#
#.#.# # #.# .# #.#
#.#.# # # #.. .# ##+##
#.#.###.# # ### ##...##
#.....#.# # ##.....##
##......# #####.
##.....%.## ##.#.....#
......
#.........####.##.....#
......
+....a@...'.....#.....#
####..
#.).......####........#
. ##.......##
##.#.##### ##.....##
###.# ##...## #.# ##+##
#.# #.# #.# .#


You could see a worker ant.

Vanquished Creatures
  An ogre (D:4)
  A hound (D:4)
  2 orc priests
  A worker ant (D:4)
  Robin (D:4)
  5 adders
  6 worms
  2 dart slugs
  4 leopard geckos
  10 orcs
  A ball python (D:3)
  5 bats
  5 giant cockroaches
  18 goblins
  11 hobgoblins
  2 kobolds
  4 frilled lizards
  9 rats
88 creatures vanquished.

Vanquished Creatures (collateral kills)
  A frilled lizard (D:4)
1 creature vanquished.

Grand Total: 89 creatures vanquished

Notes
Turn   | Place    | Note
-------+----------+-------------------------------------------
     0 | D:1      | H0rd4k the Human Artificer began the quest for the Orb.
     0 | D:1      | Reached XP level 1. HP: 15/15 MP: 3/3
   350 | D:1      | Reached XP level 2. HP: 21/21 MP: 4/4
   874 | D:2      | Noticed Robin
   967 | D:2      | Reached XP level 3. HP: 13/26 MP: 5/5
  1639 | D:2      | HP: 1/26 [worm (7)]
  2354 | D:2      | Reached XP level 4. HP: 23/32 MP: 6/6
  2392 | D:2      | Reached skill level 1 in Armour
  3070 | D:3      | Reached XP level 5. HP: 8/38 MP: 7/7
  3430 | D:3      | Reached skill level 4 in Evocations
  4201 | D:5      | Entered Level 5 of the Dungeon
  4440 | D:4      | Reached XP level 6. HP: 36/44 MP: 9/9
  5295 | D:4      | Killed Robin
  5400 | D:4      | Noticed an ogre
  5657 | D:4      | Found a staircase to the Ecumenical Temple.
  5678 | D:4      | Killed an ogre
  5718 | Temple   | Entered the Ecumenical Temple
  5783 | Temple   | Became a worshipper of Gozag Ym Sagoz the Greedy
  5938 | D:4      | Reached XP level 7. HP: 50/51 MP: 10/10
  5989 | D:4      | Found Punietat's Book Emporium.
  6432 | D:5      | Found a bloodstained altar of Trog.
  6691 | D:5      | Slain by a worker ant

Skill      XL: |  1  2  3  4  5  6 |
---------------+-------------------+-----
Armour         | 1 2 |  2.8
Short Blades   | 2 3 |  3.2
Evocations     | 4 |  4.1
Fighting       | 2 |  2.3
Dodging        | 3 |  3.1
Stealth        | |  1.9

Action                   |  1- 3 |  4- 6 |  7- 9 || total
-------------------------+-------+-------+-------++-------
Melee: Short sword       |   137 |    97 |       ||   234
       Dagger            |       |   243 |    41 ||   284
Evoke: Wand              |     6 |    20 |       ||    26
  Use: Scroll            |       |    10 |       ||    10
       Potion            |       |       |     1 ||     1
 Stab: Sleeping          |       |     3 |     2 ||     5
       Confused          |       |     1 |       ||     1
  Eat: Ration            |     1 |       |     1 ||     2
       Chunk             |       |    12 |       ||    12
Armor: Leather armour    |    27 |    56 |     7 ||    90
Dodge: Dodged            |    67 |   183 |    17 ||   267
